PBL
BROCKTON ROX @ COLUMBUS REDS
08/22/2046
 
TOP OF THE 1ST
Brockton Rox batting - Pitching for Columbus Reds : RHP Amador Sadaba
Pitching: RHP Amador Sadaba
Batting: LHB Robert Gonzalez 0-0: Ball
1-0: Called Strike
1-1: Ball
2-1: Ground out U3 (Groundball, 34, EV 105.0 MPH)
Batting: RHB Willie Camacho 0-0: Foul Ball, location: 2F
0-1: SINGLE (Groundball, 6D, EV 95.0 MPH)
Batting: RHB Bakhtiar Asadov 0-0: Ball
1-0: SINGLE (Line Drive, 8RS, EV 96.2 MPH)
Willie Camacho to second
Batting: RHB Roger Mitchell 0-0: Called Strike
0-1: Fly out, F7 (Flyball, 7, EV 87.5 MPH)
Batting: RHB Panam Palmer 0-0: Called Strike
0-1: Ball
1-1: Ball
2-1: Foul Ball, location: 2F
2-2: Foul Ball, location: 2F
2-2: Foul Ball, location: 2F
2-2: Strikes out swinging
Top of the 1st over - 0 runs, 2 hits, 0 errors, 2 left on base; Brockton 0 - Columbus 0
BOTTOM OF THE 1ST
Columbus Reds batting - Pitching for Brockton Rox : RHP Austin O'Connor
Pitching: RHP Austin O'Connor
Batting: RHB Alex de Leon 0-0: Foul Ball, location: 2F
0-1: Reached on error, E6 (Groundball, 6, EV 96.9 MPH)
Batting: RHB Ernie Maldonado 0-0: Ball
Wild Pitch!
Alex de Leon to second
1-0: Ball
Alex de Leon steals 3rd base
2-0: Ball
3-0: Fly out, F7 (Flyball, 78S, EV 73.8 MPH)
Batting: RHB Aaron Barraza 0-0: Called Strike
0-1: Swinging Strike
0-2: Ball
1-2: Ball
2-2: Strikes out swinging
Batting: RHB Ed Santibanez 0-0: Swinging Strike
0-1: Ball
1-1: Fly out, F7 (Line Drive, 7S, EV 96.9 MPH)
Bottom of the 1st over - 0 runs, 0 hits, 1 error, 1 left on base; Brockton 0 - Columbus 0
TOP OF THE 2ND
Brockton Rox batting - Pitching for Columbus Reds : RHP Amador Sadaba
Batting: SHB Robert Soto 0-0: Called Strike
0-1: Ground out 4-3 (Groundball, 34D, EV 91.9 MPH)
Batting: SHB Arihito Hiramoto 0-0: Called Strike
0-1: Called Strike
0-2: Ball
1-2: Fly out, F7 (Flyball, 7LM, EV 106.9 MPH)
Batting: LHB Kenny Jackson 0-0: Called Strike
0-1: Ball
1-1: Foul Ball, location: 2F
1-2: Strikes out swinging, 2-3 out at first.
Top of the 2nd over - 0 runs, 0 hits, 0 errors, 0 left on base; Brockton 0 - Columbus 0
BOTTOM OF THE 2ND
Columbus Reds batting - Pitching for Brockton Rox : RHP Austin O'Connor
Batting: RHB Ben Burkholder 0-0: Ball
1-0: Ball
2-0: Called Strike
2-1: Ball
3-1: Base on Balls
Batting: LHB Jamie Spangenberg 0-0: Called Strike
0-1: Ball
1-1: Called Strike
1-2: Ball
2-2: Fielders Choice at 2nd, 1-6 (Groundball, P, EV 65.0 MPH)
Batting: RHB Ch'ang-chieh Hsia 0-0: Called Strike
0-1: Called Strike
0-2: Foul Ball, location: 2F
0-2: Ball
1-2: 2-RUN HOME RUN (Flyball, 78XD, EV 108.8 MPH), Distance : 444 ft
Batting: LHB Jose Cruz 0-0: Ball
1-0: Ball
2-0: Ball
3-0: Called Strike
3-1: Foul Ball, location: 2F
3-2: Foul Ball, location: 2F
3-2: Foul Ball, location: 2F
3-2: Ground out 4-3 (Groundball, 34D, EV 86.9 MPH)
Batting: LHB Mike Becerra 0-0: Swinging Strike
0-1: Foul Ball, location: 2F
0-2: Ground out 4-3 (Groundball, 4, EV 85.0 MPH)
Bottom of the 2nd over - 2 runs, 1 hit, 0 errors, 0 left on base; Brockton 0 - Columbus 2
TOP OF THE 3RD
Brockton Rox batting - Pitching for Columbus Reds : RHP Amador Sadaba
Batting: RHB Estevan Carrillo 0-0: Ball
1-0: Ball
2-0: Ground out 4-3 (Groundball, 34, EV 83.1 MPH)
Batting: LHB Robert Gonzalez 0-0: Ball
1-0: DOUBLE (Line Drive, 7LM, EV 101.2 MPH)
Batting: RHB Willie Camacho 0-0: Swinging Strike
0-1: Ball
1-1: Called Strike
1-2: SINGLE (Flyball, 9S, EV 88.1 MPH)
Robert Gonzalez to third
Batting: RHB Bakhtiar Asadov 0-0: Ball
1-0: Ball
2-0: SINGLE (Line Drive, 9S, EV 107.5 MPH)
Robert Gonzalez scores
Willie Camacho to second
Batting: RHB Roger Mitchell 0-0: Called Strike
0-1: Ball
1-1: Ball
2-1: Foul Ball, location: 2F
2-2: Ball
3-2: Fly out, F9 (Line Drive, 9S, EV 89.4 MPH)
Batting: RHB Panam Palmer 0-0: Fly out, F8 (Flyball, 89M, EV 85.0 MPH)
Top of the 3rd over - 1 run, 3 hits, 0 errors, 2 left on base; Brockton 1 - Columbus 2
BOTTOM OF THE 3RD
Columbus Reds batting - Pitching for Brockton Rox : RHP Austin O'Connor
Batting: RHB Alex de Leon 0-0: Ball
1-0: Ball
2-0: Foul Ball, location: 2F
2-1: Ball
3-1: Swinging Strike
3-2: Base on Balls
Batting: RHB Ernie Maldonado 0-0: Called Strike
0-1: Grounds into double play, U4-3 (Groundball, 6MD, EV 100.6 MPH)
Batting: RHB Aaron Barraza 0-0: Foul Ball, location: 2F
0-1: SINGLE (Groundball, 34D, EV 103.8 MPH)
Batting: RHB Ed Santibanez 0-0: Ground out 1-3 (Groundball, P, EV 72.5 MPH)
Bottom of the 3rd over - 0 runs, 1 hit, 0 errors, 1 left on base; Brockton 1 - Columbus 2
TOP OF THE 4TH
Brockton Rox batting - Pitching for Columbus Reds : RHP Amador Sadaba
Batting: SHB Robert Soto 0-0: Called Strike
0-1: Ball
1-1: Foul Ball, location: 2F
1-2: Ball
2-2: Ball
3-2: Hit by Pitch
Batting: SHB Arihito Hiramoto 0-0: Fly out, F6 (Popup, 6MD, EV 53.1 MPH)
Batting: LHB Kenny Jackson 0-0: Foul Ball, location: 2F
0-1: Called Strike
0-2: Strikes out swinging
Batting: RHB Estevan Carrillo 0-0: Called Strike
0-1: Ball
1-1: Called Strike
1-2: Foul Ball, location: 2F
1-2: Ball
2-2: Ball
3-2: Foul Ball, location: 2F
3-2: Base on Balls
Robert Soto to second
Batting: LHB Robert Gonzalez 0-0: Called Strike
0-1: Ball
1-1: Ball
2-1: Foul Ball, location: 2F
2-2: Ball
3-2: Foul Ball, location: 2F
3-2: Strikes out swinging
Top of the 4th over - 0 runs, 0 hits, 0 errors, 2 left on base; Brockton 1 - Columbus 2
BOTTOM OF THE 4TH
Columbus Reds batting - Pitching for Brockton Rox : RHP Austin O'Connor
Batting: RHB Ben Burkholder 0-0: Foul Ball, location: 2F
0-1: Foul Ball, location: 2F
0-2: SOLO HOME RUN (Flyball, 7D, EV 101.9 MPH), Distance : 404 ft
Batting: LHB Jamie Spangenberg 0-0: Ball
1-0: Ground out 6-3 (Groundball, 6MD, EV 110.0 MPH)
Batting: RHB Ch'ang-chieh Hsia 0-0: Ball
1-0: Swinging Strike
1-1: Swinging Strike
1-2: Ground out 5-3 (Groundball, 5L, EV 82.5 MPH)
Batting: LHB Jose Cruz 0-0: Ball
1-0: Ball
2-0: Ball
3-0: Called Strike
3-1: Base on Balls
Batting: LHB Mike Becerra 0-0: Fielders Choice at 2nd, 5-4 (Groundball, 6, EV 86.9 MPH)
Bottom of the 4th over - 1 run, 1 hit, 0 errors, 1 left on base; Brockton 1 - Columbus 3
TOP OF THE 5TH
Brockton Rox batting - Pitching for Columbus Reds : RHP Amador Sadaba
Batting: RHB Willie Camacho 0-0: Called Strike
0-1: DOUBLE (Line Drive, 78D, EV 106.9 MPH)
Batting: RHB Bakhtiar Asadov 0-0: Ball
1-0: Called Strike
1-1: Swinging Strike
1-2: Strikes out swinging
Batting: RHB Roger Mitchell 0-0: Ball
1-0: Called Strike
1-1: Ball
2-1: Ball
3-1: Called Strike
3-2: Foul Ball, location: 2F
3-2: Base on Balls
Batting: RHB Panam Palmer 0-0: Ball
1-0: Ball
2-0: Foul Ball, location: 2F
2-1: Foul Ball, location: 2F
2-2: Fly out, F8 (Flyball, 8RS, EV 81.2 MPH)
Batting: SHB Robert Soto 0-0: Ball
1-0: Fly out, F9 (Flyball, 89M, EV 90.0 MPH)
Top of the 5th over - 0 runs, 1 hit, 0 errors, 2 left on base; Brockton 1 - Columbus 3
BOTTOM OF THE 5TH
Columbus Reds batting - Pitching for Brockton Rox : RHP Austin O'Connor
Batting: RHB Alex de Leon 0-0: Ball
1-0: Foul Ball, location: 2F
1-1: Called Strike
1-2: Foul Ball, location: 2F
1-2: Strikes out swinging
Batting: RHB Ernie Maldonado 0-0: Ball
1-0: Fly out, F7 (Flyball, 7, EV 90.0 MPH)
Batting: RHB Aaron Barraza 0-0: Ball
1-0: Ball
2-0: Called Strike
2-1: Foul Ball, location: 2F
2-2: SINGLE (Line Drive, 56, EV 95.6 MPH)
Batting: RHB Ed Santibanez 0-0: Called Strike
0-1: Ball
Aaron Barraza steals 2nd, throwing error, E2
Aaron Barraza to third
1-1: Fly out, F6 (Line Drive, 6, EV 65.0 MPH)
Bottom of the 5th over - 0 runs, 1 hit, 1 error, 1 left on base; Brockton 1 - Columbus 3
TOP OF THE 6TH
Brockton Rox batting - Pitching for Columbus Reds : RHP Amador Sadaba
Batting: SHB Arihito Hiramoto 0-0: Ball
1-0: Ball
2-0: Ball
3-0: Base on Balls
Batting: LHB Kenny Jackson 0-0: Foul Ball, location: 2F
0-1: Fielders Choice at 2nd, 5-4 (Groundball, 56S, EV 81.9 MPH)
Pinch Hitting: RHB Kirk Cully 0-0: Ball
1-0: Called Strike
1-1: Ball
2-1: Swinging Strike
2-2: Ball
3-2: Strikes out swinging
Pitching: RHP Jay Harrison
Batting: LHB Robert Gonzalez 0-0: Ball
1-0: Called Strike
Kenny Jackson steals 2nd base
1-1: Ground out 6-3 (Groundball, 6, EV 86.9 MPH)
Top of the 6th over - 0 runs, 0 hits, 0 errors, 1 left on base; Brockton 1 - Columbus 3
BOTTOM OF THE 6TH
Columbus Reds batting - Pitching for Brockton Rox : RHP Austin O'Connor
Pitching: RHP Nherbert Silivan
Now at 1B: Eric McClelland
Batting: RHB Ben Burkholder 0-0: Called Strike
0-1: Ball
1-1: Called Strike
1-2: Ball
2-2: Foul Ball, location: 2F
2-2: Ball
3-2: Fly out, F8 (Flyball, 8RS, EV 90.6 MPH)
Batting: LHB Jamie Spangenberg 0-0: Called Strike
0-1: Ball
1-1: Foul Ball, location: 2F
1-2: Foul Ball, location: 2F
1-2: SOLO HOME RUN (Flyball, 7D, EV 106.2 MPH), Distance : 403 ft
Batting: RHB Ch'ang-chieh Hsia 0-0: Ground out 4-3 (Groundball, 4, EV 85.6 MPH)
Batting: LHB Jose Cruz 0-0: Ball
1-0: Ball
2-0: Swinging Strike
2-1: Ball
3-1: Fly out, F5 (Popup, 56S, EV 63.1 MPH)
Bottom of the 6th over - 1 run, 1 hit, 0 errors, 0 left on base; Brockton 1 - Columbus 4
TOP OF THE 7TH
Brockton Rox batting - Pitching for Columbus Reds : RHP Jay Harrison
Now in RF: Tim Kirk
Batting: RHB Willie Camacho 0-0: Foul Ball, location: 2F
0-1: Ball
1-1: Ball
2-1: Reached on error, E4 (Groundball, 4, EV 85.0 MPH)
Batting: RHB Bakhtiar Asadov 0-0: Called Strike
Willie Camacho is caught stealing 2nd base 2-4
0-1: Ball
1-1: Called Strike
1-2: Ball
2-2: Fly out, F3 (Popup, 3SF, EV 66.2 MPH)
Batting: RHB Roger Mitchell 0-0: Fly out, F7 (Flyball, 7D, EV 95.0 MPH)
Top of the 7th over - 0 runs, 0 hits, 1 error, 0 left on base; Brockton 1 - Columbus 4
BOTTOM OF THE 7TH
Columbus Reds batting - Pitching for Brockton Rox : RHP Nherbert Silivan
Batting: LHB Mike Becerra 0-0: Ball
1-0: Called Strike
1-1: Swinging Strike
1-2: Ball
2-2: Strikes out swinging
Batting: RHB Alex de Leon 0-0: Foul Ball, location: 2F
0-1: Foul Ball, location: 2F
0-2: Ball
1-2: Foul Ball, location: 2F
1-2: Foul Ball, location: 2F
1-2: Ball
2-2: SINGLE (Line Drive, 7S, EV 103.8 MPH)
Batting: RHB Ernie Maldonado 0-0: Ball
1-0: Ground out 4-3 (Groundball, 34, EV 93.1 MPH)
Alex de Leon to second
Batting: RHB Aaron Barraza 0-0: SINGLE (Line Drive, 78S, EV 105.6 MPH)
Alex de Leon to third
Runner from 3rd tries for Home, SAFE, throw by CF to home
Batting: RHB Ed Santibanez 0-0: Fly out, F5 (Popup, 56S, EV 62.5 MPH)
Bottom of the 7th over - 1 run, 2 hits, 0 errors, 1 left on base; Brockton 1 - Columbus 5
TOP OF THE 8TH
Brockton Rox batting - Pitching for Columbus Reds : RHP Jay Harrison
Pinch Hitting: SHB Danny Marquez 0-0: Called Strike
0-1: Ball
1-1: Ball
2-1: Ball
3-1: Base on Balls
Batting: SHB Robert Soto 0-0: Ball
1-0: Ball
2-0: Foul Ball, location: 2F
2-1: Ball
3-1: Base on Balls
Danny Marquez to second
Batting: SHB Arihito Hiramoto 0-0: Called Strike
0-1: Ball
1-1: Foul Ball, location: 2F
Balk!
Danny Marquez to third
Robert Soto to second
1-2: Strikes out swinging
Batting: LHB Kenny Jackson 0-0: Ground out 5-3 (Groundball, 5, EV 83.8 MPH)
Pinch Hitting: RHB Felix Rangel 0-0: Called Strike
0-1: Called Strike
0-2: Foul Ball, location: 2F
0-2: Strikes out looking
Top of the 8th over - 0 runs, 0 hits, 0 errors, 2 left on base; Brockton 1 - Columbus 5
BOTTOM OF THE 8TH
Columbus Reds batting - Pitching for Brockton Rox : RHP Nherbert Silivan
Now at 1B: Kien-lung Zou
Now in RF: Felix Rangel
Batting: RHB Ben Burkholder 0-0: Ball
1-0: SINGLE (Groundball, 34D, EV 96.9 MPH)
Batting: LHB Tim Kirk 0-0: Ball
1-0: Foul Ball, location: 2F
1-1: Hit by Pitch
Ben Burkholder to second
Pitching: LHP Chris Deans
Batting: RHB Ch'ang-chieh Hsia 0-0: Ball
1-0: SINGLE (Groundball, 4D, EV 96.9 MPH)
Ben Burkholder to third
Tim Kirk to second
Runner from 3rd tries for Home, SAFE, throw by CF to home
Batting: LHB Jose Cruz 0-0: Ball
1-0: Called Strike
1-1: Called Strike
1-2: Ball
2-2: SINGLE (Line Drive, 78M, EV 91.2 MPH)
Tim Kirk to third
Ch'ang-chieh Hsia to second
Batting: LHB Mike Becerra 0-0: Fly out, F6 (Popup, 6, EV 76.2 MPH)
Batting: RHB Alex de Leon 0-0: Ball
1-0: Ball
2-0: Called Strike
2-1: Called Strike
2-2: Fielders Choice at 2nd, 6-4 (Groundball, 56, EV 81.9 MPH)
Tim Kirk scores
Ch'ang-chieh Hsia to third
Batting: RHB Ernie Maldonado 0-0: Foul Ball, location: 2F
0-1: Swinging Strike
0-2: SINGLE (Line Drive, 34D, EV 98.8 MPH)
Ch'ang-chieh Hsia scores
Alex de Leon to second
Batting: RHB Aaron Barraza 0-0: Called Strike
0-1: Fielders Choice at 2nd, 6-4 (Groundball, 6, EV 98.1 MPH)
Bottom of the 8th over - 3 runs, 4 hits, 0 errors, 2 left on base; Brockton 1 - Columbus 8
TOP OF THE 9TH
Brockton Rox batting - Pitching for Columbus Reds : RHP Jay Harrison
Batting: LHB Robert Gonzalez 0-0: SINGLE (Groundball, 34D, EV 103.8 MPH)
Batting: RHB Willie Camacho 0-0: Called Strike
0-1: Ball
1-1: Ball
2-1: Swinging Strike
2-2: Ball
3-2: Fly out, F3 (Line Drive, 3, EV 66.9 MPH)
Batting: RHB Bakhtiar Asadov 0-0: Ball
1-0: Ball
2-0: 2-RUN HOME RUN (Flyball, 7D, EV 102.5 MPH), Distance : 398 ft
Batting: RHB Roger Mitchell 0-0: Foul Ball, location: 2F
0-1: Called Strike
0-2: SOLO HOME RUN (Flyball, 7D, EV 105.0 MPH) (Inside the Park)
Batting: LHB Kien-lung Zou 0-0: Ball
1-0: Ball
2-0: Called Strike
2-1: Ball
3-1: Called Strike
3-2: SINGLE (Groundball, 25, EV 70.0 MPH) (infield hit)
Batting: SHB Robert Soto 0-0: Called Strike
0-1: Ball
Balk!
Kien-lung Zou to second
1-1: Ball
Wild Pitch!
Kien-lung Zou to third
2-1: Called Strike
2-2: SINGLE (Line Drive, 6M, EV 98.1 MPH)
Kien-lung Zou scores
Batting: SHB Arihito Hiramoto 0-0: Swinging Strike
0-1: Ball
1-1: Foul Ball, location: 2F
1-2: SINGLE (Groundball, 4MD, EV 100.0 MPH)
Robert Soto to second
Pinch Hitting: RHB Mo Tsang 0-0: Fly out, F7 (Line Drive, 7, EV 90.0 MPH)
Pitching: RHP Cesar Pelayo
Batting: RHB Felix Rangel 0-0: Ball
1-0: Fly out, F7 (Flyball, 7, EV 86.2 MPH)
Top of the 9th over - 4 runs, 6 hits, 0 errors, 2 left on base; Brockton 5 - Columbus 8
Tuesday, September 13th , 2022 - OOTP Baseball 23.7 Build 88